Map: Automaton LE

Players

Woogie - Winner!

  • Race: Zerg Zerg
  • League: Diamond
  • Spawn Location: 3:00

QueenOP

  • Race: Terran Terran
  • League: Diamond
  • Spawn Location: 9:00

VOD

Have the link to the VOD?

Description

Time

  • Played on: May 3, 2019, 12:40 p.m.
  • Length: 7:59
Show
View Real Time Build Order
Export as new Build Order

Woogie Zerg - Winner!

Build Orders: Hatch First 

Get SALT Encoding   

  12  0:00  Drone  
  13  0:14  Overlord  
  13  0:19  Drone  
  14  0:33  Drone x2  
  16  0:37  Drone  
  17  0:56  Hatchery  
  17  0:57  Drone  
  17  1:14  Spawning Pool  
  17  1:15  Drone  
  17  1:25  Drone x2, Extractor  
  18  1:31  Drone  
  19  1:41  Drone  
  20  1:52  Overlord  
  20  2:02  Queen  
  20  2:08  Queen  
  22  2:10  Drone x2  
  26  2:19  Zergling x4  
  28  2:45  Extractor  
  28  2:48  Queen x2  
  28  2:49  Overlord  
  28  2:50  Drone x2  
  32  3:09  Drone x3, Overlord  
  32  3:10  Drone  
  32  3:12  Metabolic Boost  
  36  3:33  Lair  
  36  3:36  Drone  
  37  3:50  Roach Warren, Hatchery  
  35  3:56  Drone x2  
  35  3:57  Drone x2  
  40  4:10  Drone x4  
  40  4:14  Zergling x2  
  40  4:15  Zergling x6  
  47  4:20  Overlord  
  47  4:32  Overlord  
  47  4:33  Roach  
  47  4:34  Roach  
  48  4:53  Roach  
  48  4:54  Roach x5  
  60  5:05  Glial Reconstitution  
  64  5:07  Roach x5  
  70  5:18  Drone x2  
  70  5:19  Drone  
  73  5:38  Overlord x2  
  73  5:39  Overlord x2  
  73  5:44  Drone  
  74  5:56  Evolution Chamber x2  
  72  5:58  Drone x3  
  72  6:02  Zergling x8  
  72  6:03  Zergling x8  
  81  6:23  Ravager  
  81  6:24  Ravager x3  
  85  6:31  Drone  
  85  6:32  Drone x7, Extractor  
  78  6:57  Zergling x10  
  78  6:58  Zergling x20  
Show
View Real Time Build Order
Export as new Build Order

QueenOP Terran 

Build Orders: Reaper Expand 

Get SALT Encoding   

  12  0:00  SCV  
  13  0:13  SCV  
  14  0:18  Supply Depot  
  14  0:25  SCV  
  15  0:40  SCV  
  15  0:41  Barracks  
  16  0:46  Refinery  
  16  0:52  SCV  
  17  1:06  SCV  
  18  1:19  SCV  
  19  1:30  Reaper  
  20  1:39  Orbital Command  
  20  1:50  Command Center  
  20  2:04  Bunker  
  20  2:11  SCV  
  21  2:19  Factory  
  21  2:23  Barracks Reactor  
  21  2:32  Supply Depot  
  20  3:03  Orbital Command  
  20  3:10  SCV  
  21  3:16  Hellion x2  
  25  3:21  Starport  
  25  3:24  Barracks Tech Lab, Refinery  
  25  3:32  SCV x2  
  27  3:37  Hellion x2  
  31  3:44  SCV  
  32  3:50  SCV  
  33  4:01  Command Center  
  33  4:02  Hellion x2  
  37  4:05  Marine  
  37  4:08  Raven  
  40  4:10  SCV  
  40  4:11  SCV  
  42  4:17  Supply Depot  
  42  4:28  SCV  
  42  4:29  SCV  
  44  4:34  Barracks Reactor  
  44  4:35  Widow Mine  
  46  4:39  Widow Mine  
  42  5:27  Orbital Command, Siege Tank  
  42  5:28  Medivac x2  
  49  5:30  SCV x2  
  49  5:34  Refinery  
  51  5:42  SCV  
  52  5:45  SCV  
  52  5:47  Refinery  
  53  5:50  Barracks Reactor  
  53  5:52  Supply Depot  
  53  5:53  SCV  
  53  5:54  SCV  
  53  5:55  Supply Depot, Barracks  
  55  5:57  SCV  
  55  6:01  Barracks  
  55  6:23  SCV  
  56  6:26  Marine x2  
  56  6:27  Medivac x2  
  56  6:30  SCV  
  63  6:33  Supply Depot x2  
  63  6:34  Supply Depot  
  57  6:51  Marine x2  
  39  7:09  Marine  
Tags
 
Add a new tag
Caveats
  • Supply blocks, unpowered buildings, or Contaminate may cause inaccurate times.
  • Supply counts are checked every 10 seconds.